 Dungeon Crawl Stone Soup version 0.28.0-1-gb440e238dd (webtiles) character file.

Game seed: 14705080699114602575

351 zeram the Covered (level 6, -1/37 HPs)
             Began as a Gargoyle Fighter on Feb 27, 2022.
             Slain by a water moccasin (3 damage)
             ... on level 5 of the Dungeon.
             The game lasted 00:05:59 (4028 turns).

zeram the Covered (Gargoyle Fighter)                Turns: 4028, Time: 00:05:59

Health: -1/37      AC:  7    Str: 19    XL:     6   Next: 61%
Magic:  6/6        EV:  9    Int:  9    God:
Gold:   198        SH:  5    Dex: 11    Spells: 5/5 levels left

rFire   . . .      SeeInvis .   l - +3 whip
rCold   + . .      Faith    .   c - +0 buckler
rNeg    + . .      Spirit   .   b - +0 scale mail
rPois   ∞          Reflect  .   (no helmet)
rElec   +          Harm     .   i - +1 cloak
rCorr   .          Rampage  .   j - +0 pair of gloves
Will    .....                   (no boots)
Stlth   ..........              (no amulet)
HPRegen 0.12/turn               d - ring of protection from cold
MPRegen 0.10/turn               (no ring)

@: corroded
A: sickness immunity, AC +4, negative energy resistance 1, electricity
resistance, torment resistance 1, petrification resistance
a: no special abilities


You were on level 5 of the Dungeon.
You visited 1 branch of the dungeon, and saw 5 of its levels.

You collected 198 gold pieces.

Inventory:

Hand Weapons
 a - a +0 flail
 l - a +3 whip (weapon)
Armour
 b - a +0 scale mail (worn)
 c - a +0 buckler (worn)
 i - a +1 cloak (worn)
 j - a +0 pair of gloves (worn)
Jewellery
 d - a ring of protection from cold (left hand)
Wands
 e - a wand of digging (4)
Scrolls
 f - 2 scrolls of identify
 h - a scroll of vulnerability
 k - a scroll of enchant armour {unknown}
 m - a scroll of holy word {unknown}
Potions
 g - 2 potions of attraction


   Skills:
 - Level 3.2 Fighting
 + Level 4.1 Maces & Flails
 + Level 5.3 Armour
 + Level 1.7 Dodging
 + Level 4.5 Shields


You had 5 spell levels left.
You didn't know any spells.
Your spell library contained the following spells:

 Spells                   Type           Power      Damage    Failure   Level
 Static Discharge         Conj/Air       0%         N/A       92%         2
 Dispel Undead            Necr           0%         3d6       100%        4
 Sticky Flame             Conj/Fire      0%         2d3       100%        4


Dungeon Overview and Level Annotations

Branches:
Dungeon (5/15)
 Temple: D:4-7

Altars:
Wu Jian

Annotations:
D:3 Sigmund


Innate Abilities, Weirdness & Mutations

You are immune to sickness and miasma.
Your stone body is resilient. (AC +4)
You are immune to poison.
You resist negative energy. (rN+)
You are resistant to electric shocks. (rElec)
You are resistant to unholy torment.
You are immune to petrification.


Message History

You are too injured to fight recklessly!
You are too injured to fight recklessly!
You are too injured to fight recklessly!
You are too injured to fight recklessly!
You are too injured to fight recklessly!
You are too injured to fight recklessly!
Unknown command.
The goblin hits you with a +0 club.
The kobold throws a stone.
The stone hits you but does no damage. The jelly hits you.
The acid corrodes you!
You are splashed with acid!
* * * LOW HITPOINT WARNING * * *
Okay, then.
Okay, then.
Unknown command.
Okay, then.
There is a stone staircase leading down here.
The jelly hits you but does no damage.
You climb downwards.
The adder hisses angrily.
The water moccasin hisses angrily.
Found a scroll labelled IDGHAV IHOCE.
Found a stone staircase leading down.
There is a stone staircase leading up here.
Okay, then.
Okay, then.
A hound skeleton comes into view.
The adder closely misses you.
You block the bullfrog skeleton's attack.
You block the water moccasin's attack.
The bullfrog skeleton hits you but does no damage.
The adder misses you. You block the water moccasin's attack.
You block the hound skeleton's attack. The water moccasin bites you.
* * * LOW HITPOINT WARNING * * *
Found an escape hatch in the floor.
Found 15 stones.
The water moccasin closely misses you. The bullfrog skeleton hits you.
* * * LOW HITPOINT WARNING * * *
You block the water moccasin's attack.
There is an escape hatch in the floor here.
The water moccasin bites you.
You die...

#.... ##... ##...####...
.(........# #..##....#
#######.....#.###
##.....##........#
##.......#........#
.....>......J.SS@.#
..⌠.....⌠.....Z.........
..............Z...######
....⌠.⌠...........#
#.........####..###
#.⌠...?.⌠.# ...#
#....<....# ..###
##.......##### ##.....##


You could see a water moccasin, a jelly, an adder, a hound skeleton and a
bullfrog skeleton.

Vanquished Creatures
  Eustachio (D:4)
  A scorpion (D:4)
  A jelly (D:3)
  A howler monkey skeleton (D:4)
  3 adders
  3 dart slugs
  7 orcs (D:3)
  2 endoplasms (D:1)
  4 giant cockroaches
  3 goblins
  5 hobgoblins
  10 jackals
  7 quokkas
  11 ball pythons
  4 bats
  4 frilled lizards
  A kobold (D:1)
  6 rats
74 creatures vanquished.

Vanquished Creatures (others)
  2 fungi (D:1)
  21 plants
23 creatures vanquished.

Grand Total: 97 creatures vanquished

Notes
Turn   | Place    | Note
-------+----------+-------------------------------------------
     0 | D:1      | zeram the Gargoyle Fighter began the quest for the Orb.
     0 | D:1      | Reached XP level 1. HP: 14/14 MP: 1/1
    71 | D:1      | Reached XP level 2. HP: 13/19 MP: 2/2
   204 | D:1      | Found a faded altar of an unknown god.
   408 | D:1      | Reached XP level 3. HP: 23/23 MP: 3/3
   931 | D:2      | Reached skill level 4 in Armour
  1302 | D:2      | Reached XP level 4. HP: 23/28 MP: 4/4
  1906 | D:3      | Found an ornate altar of the Wu Jian Council.
  2597 | D:4      | Noticed Sigmund
  2612 | D:3      | Reached XP level 5. HP: 13/32 MP: 5/5
  3162 | D:3      | HP: 1/32 [something (6)]
  3504 | D:4      | Reached skill level 1 in Dodging
  3530 | D:4      | Noticed Eustachio
  3566 | D:4      | HP: 1/32 [river rat[Eustachio] (6)]
  3570 | D:4      | Killed Eustachio
  3571 | D:4      | Reached skill level 5 in Armour
  3571 | D:4      | Reached XP level 6. HP: 14/37 MP: 6/6
  4006 | D:5      | Entered Level 5 of the Dungeon
  4006 | D:5      | Noticed a water moccasin
  4018 | D:5      | HP: 1/37 [water moccasin (6)]
  4023 | D:5      | HP: 1/37 [bullfrog skeleton (1)]
  4028 | D:5      | Slain by a water moccasin

Illustrated notes

Levels and vault maps discovered:
D:1:      matt_arrival_grand_opening, layout_loops_ring,
          shapermc_ecumenical_altar_mp_ritualfount, minmay_pentomino_t2
D:2:      layout_basic, minmay_tiny_reverse_x
D:3:      layout_basic, lemuel_coloured_pillars_altar, serial_corexii_hall,
          chequers_hall_statues_y, chequers_hall_statues_y
D:4:      layout_layer_cave, serial_bayou, serial_bayou_shore_b,
          serial_bayou_lagoon_b, serial_bayou_pond_d, serial_bayou_shore_a,
          uniq_sigmund, uniq_eustachio
D:5:      layout_rooms, jmf_multi_god_temple2, serial_shops,
          nicolae_shop_statue_plus, grunt_ministairs_10, uniq_ijyb

Skill      XL: |  1  2  3  4  5 |
---------------+----------------+-----
Armour         | 4 5 |  5.3
Maces & Flails | 3 4 |  4.1
Shields        | 4 |  4.5
Dodging        | 1 |  1.7
Fighting       | |  3.2

Action                   |  1- 3 |  4- 6 || total
-------------------------+-------+-------++-------
Melee: Flail             |   153 |    44 ||   197
       Whip              |       |   154 ||   154
  Use: Scroll            |     3 |     7 ||    10
       Potion            |       |     5 ||     5
Armor: Scale mail        |   111 |   175 ||   286
Dodge: Dodged            |   101 |   148 ||   249
Block: Buckler           |    40 |    56 ||    96
